[Event "93rd German Championship 2022"]
[Site "Magdeburg"]
[Date "2022.08.20"]
[Round "9.6"]
[White "Schulz, Lukas"]
[Black "Langheinrich, Ferenc"]
[Result "1/2-1/2"]
[ECO "B06"]
[WhiteElo "2272"]
[BlackElo "2357"]
[Annotator "TA"]
[PlyCount "53"]
[EventDate "2022.08.14"]
[EventType "swiss"]
[EventCountry "GER"]
[SourceTitle "playchess.com"]
[Source "ChessBase"]
[SourceQuality "1"]
[TimeControl "40/5400+30:1800+30"]

1. e4 g6 2. Nc3 Bg7 3. Bc4 d6 4. h4 h5 5. Nh3 Bg4 {[%emt 0:05:24] [#]} 6. f3 $146 {[%emt 0:05:43] B06: Modern Defence.} ({Predecessor:} 6. Ne2 Bxh3 7. Rxh3 Nf6 8. c3 Qc8 9. Qb3 Rf8 10. d4 Nbd7 11. Bg5 e5 12. Rf3 {½-½ (37) Vasconcellos,J (2190)-Klopfenstein,G (2211) Parsippany 2000}) 6... Bxh3 7. Rxh3 Nc6 8. a3 e6 9. d3 Bf6 10. g3 Qd7 11. Bg5 O-O-O (11... Bxg5 $17 12. hxg5 Nd4) 12. Qe2 Qe7 13. Bxf6 Qxf6 14. O-O-O Nge7 15. Rhh1 (15. Ba2 $11) 15... Kb8 (15... d5 $15 16. Ba2 Kb8) 16. Ba2 d5 17. Qf2 {[%emt 0:05:27] The position is equal.} Qd4 18. Rhf1 Qxf2 19. Rxf2 d4 20. Ne2 Ne5 21. Ng1 c5 22. Nh3 b5 23. Ng5 Rhf8 24. Nh7 Rh8 25. Ng5 Rhf8 26. Nh7 Rh8 27. Ng5 $1 {Weighted Error Value: White=0.11 (very precise) /Black=0.13 (very precise)} 1/2-1/2

[Event "93rd German Championship 2022"]
[Site "Magdeburg"]
[Date "2022.08.20"]
[Round "9.7"]
[White "Bethke, Richard"]
[Black "Kunin, Vitaly"]
[Result "0-1"]
[ECO "B28"]
[WhiteElo "2381"]
[BlackElo "2528"]
[Annotator "TA"]
[PlyCount "104"]
[EventDate "2022.08.14"]
[EventType "swiss"]
[EventCountry "GER"]
[SourceTitle "playchess.com"]
[Source "ChessBase"]
[SourceQuality "1"]
[TimeControl "40/5400+30:1800+30"]

1. e4 c5 2. Nf3 a6 3. Nc3 b5 4. d4 cxd4 5. Nxd4 Bb7 6. Be3 e6 7. e5 {[%emt 0:01:38] [#] B43: Sicilian: Kan Variation: 5 Nc3.} Nc6 $146 ({Predecessor:} 7... Qc7 8. Qd2 Qxe5 9. O-O-O Nf6 10. Bf4 Qc5 11. Be3 Qc8 12. f4 Bb4 13. f5 O-O {0-1 (34) Yeoh,X (1286)-Doluweera,D (1815) Penang 2015}) 8. Nxc6 Bxc6 9. Ne2 {[%emt 0:00:27] Black is slightly better.} Qa5+ 10. Qd2 Qxd2+ 11. Kxd2 f6 (11... d6 $5 12. exd6 Bxd6 $15) 12. exf6 Nxf6 13. Nd4 Bb7 14. f3 Nd5 15. Bf2 g6 16. Re1 Bh6+ 17. Kd1 O-O 18. h4 b4 19. h5 {[%emt 0:03:14] Hoping for hxg6.} g5 20. Kc1 g4+ 21. Kb1 Bd2 22. Rd1 Bg5 23. Bc4 Rac8 24. Bb3 h6 25. Rhf1 a5 26. Bg1 gxf3 27. Nxf3 Bf6 28. Rfe1 Bc6 29. Bd4 a4 30. Bc4 a3 31. Bxf6 Rxf6 32. Ne5 axb2 {[%emt 0:00:12] Threatens to win with ...Nc3+.} 33. Kxb2 Ba4 34. Bb3 (34. Rd2 $14) 34... Bxb3 $11 35. axb3 Rf2 36. Rc1 Rxg2 37. Nxd7 Nf4 38. Re3 {[%emt 0:00:38][%mdl 8192] [#] Against Nd3+. White is on the road to losing.} (38. Ne5 $11 {and White stays safe.}) 38... Ne2 $1 $19 39. Rd1 {[%emt 0:00:28] [#]} (39. Nb6 $142 Rc3 40. Rxe2 Rxe2 41. Na4) 39... Nd4 $1 40. Nf6+ (40. Kb1 Nb5) 40... Kf7 41. Kb1 Nf5 ({Not} 41... Kxf6 42. Rxd4 Rgxc2 43. Rf4+ Ke7 44. Re1 $15) 42. Nh7 Rc7 {[%emt 0:09:32] Inhibits Rd7+.} (42... Nxe3 43. Rd7+ Kg8 44. Nf6+ Kf8 45. Nh7+ Kg8 46. Nf6+ Kf8 47. Nh7+ Kg8 $11) 43. Rf1 (43. Re4 {might work better.}) 43... Rcxc2 {[%emt 0:01:56] White must now prevent ...Rc3.} 44. Re4 (44. Nf8 $142 Rb2+ 45. Ka1) 44... Rb2+ {[%emt 0:00:27] Black is clearly winning.} 45. Ka1 Ra2+ 46. Kb1 Rgb2+ 47. Kc1 Rxb3 {[%emt 0:00:28] ...Ra1+ is the strong threat.} 48. Rff4 Rh3 49. Kb1 Rg2 {[%emt 0:02:39] ( -> ...Rh1+)} 50. Rf1 {[%emt 0:00:17] Prevents Rh1.} Rb3+ 51. Ka1 Rg7 52. Rd4 Ra3+ {[%emt 0:00:59] Weighted Error Value: White=0.40/Black=0.11 (very precise)} ({Worse is} 52... Rxh7 53. Rd7+ Kg8 54. Rd8+ Kg7 55. Rd7+ Kh8 56. Rd8+ Kg7 57. Rd7+ Kf6 58. Rxh7 $11) 0-1

[Event "93rd German Championship 2022"]
[Site "Magdeburg"]
[Date "2022.08.20"]
[Round "9.8"]
[White "Gungl, Theo"]
[Black "Pajeken, Jakob Leon"]
[Result "0-1"]
[ECO "D20"]
[WhiteElo "2359"]
[BlackElo "2434"]
[Annotator "TA"]
[PlyCount "190"]
[EventDate "2022.08.14"]
[EventType "swiss"]
[EventCountry "GER"]
[SourceTitle "playchess.com"]
[Source "ChessBase"]
[SourceQuality "1"]
[TimeControl "40/5400+30:1800+30"]

1. d4 d5 2. c4 dxc4 3. e4 e5 4. d5 Nf6 5. Nc3 b5 $1 6. Bg5 {[%emt 0:03:11] D20: Queen's Gambit Accepted: 3 e3 and 3 e4.} Bc5 7. Qc2 Bd7 {[%emt 0:11:18] [#]} (7... c6 $17 8. Nf3 O-O) 8. a4 $146 (8. Nf3 $11) ({Predecessor:} 8. Nf3 Qe7 9. a4 b4 10. Nd1 O-O 11. Bxc4 Bg4 12. Nd2 Nbd7 13. O-O h6 14. Be3 Bxd1 15. Bxc5 Qxc5 16. Rfxd1 {1-0 (46) Prilepo,S-Baglaev,E (2138) Novokuznetsk 2007}) 8... b4 (8... c6 $1 $15) 9. Nd1 $1 $11 c3 10. bxc3 O-O 11. Nf3 c6 12. Bc4 h6 (12... cxd5 {is more complex.} 13. exd5 Bg4 14. O-O Bxf3 15. gxf3 h6) 13. Bh4 cxd5 14. Bxd5 Bc6 15. Bxc6 ({White should try} 15. O-O $11) 15... Nxc6 $15 16. O-O Rc8 17. cxb4 Bxb4 18. Qb2 (18. Qb1 $11) 18... g5 $17 19. Bg3 Nxe4 20. Nxe5 Nxg3 21. hxg3 Qd6 (21... Bc5 $5 22. Nxc6 Rxc6 $15) 22. Rb1 Bc5 23. Nxc6 Rxc6 24. Kh2 Re8 (24... h5 $5 25. Kg1 Qxg3 $17) 25. Qc2 Bb6 26. Qf5 Re5 27. Qf3 Qf6 {[%emt 0:04:00] 0x0.00144f0eadc4dp-1022s more active pieces.} (27... Qe6 {keeps more tension.} 28. Ne3 Bxe3 29. fxe3 Rxe3 30. Qf2 Rc7) 28. Qxf6 Rxf6 29. Ne3 Bxe3 30. fxe3 Rxf1 31. Rxf1 {[%emt 0:00:01][%mdl 4096] Endgame KR-KR} Kg7 {[%emt 0:03:47] Prevents Rf6.} 32. Rd1 Re4 33. a5 Re5 $1 34. Rd7 (34. g4 $17 {was called for.}) 34... Rxa5 $19 35. g4 Ra3 $1 36. Rc7 a5 ({And not} 36... Rxe3 37. Rxa7 Rd3 38. Ra4 $17) 37. Ra7 a4 $2 ({Stronger than} 37... Rxe3 38. Rxa5 f6 39. Ra4 $17) (37... Kf6 $19 38. Kg1 Rxe3 39. Ra6+ Re6) 38. Ra6 $1 $15 Ra1 39. Kg3 a3 40. Kf2 Kh7 41. Ra7 Kg6 42. Ra6+ Kg7 $1 43. Kg3 Kf8 44. Kf2 (44. Ra7 $1 $15) 44... Ra2+ 45. Kf3 Ra1 46. Kf2 $1 Ke7 $1 47. e4 (47. Rxh6 $142 f6 48. Rh8) 47... Kd7 48. Rf6 Ke7 49. Ra6 Kd8 50. Ra7 f6 (50... a2 $19 {Threatens to win with ...Kc8.} 51. Kg3 Kc8) 51. Ra6 $1 a2 52. Ra7 Kc8 $1 53. Ra3 Kb7 $1 54. Ra4 (54. Kg3 $15 Kb6 55. Kf2) 54... Kb6 $11 55. Ra8 (55. Ra3 $1 $11 {is superior.} Kc5 56. Ra6) 55... Kc5 $15 56. Ra4 Kb5 57. Ra8 Kc4 58. Kg3 Kd3 59. Ra4 Ke3 60. Ra8 Kxe4 (60... Ke2 $1 $17 61. Ra3 Ke1) 61. Re8+ Kd5 62. Ra8 Ke6 63. Ra7 Ke5 64. Ra5+ Ke4 65. Ra4+ Ke3 66. Ra6 Ke2 67. Kh2 Kd3 68. Kg3 Kc4 69. Ra8 Kb5 70. Ra7 {[%emt 0:00:21] [#]} Kb6 $2 (70... Kb4 $1 $19 {...Kc3 is the strong threat.} 71. Rb7+ Kc3) 71. Ra8 Kc7 72. Ra7+ Kd8 73. Kh2 Ke8 74. Kg3 Kf8 75. Kh2 {[%emt 0:00:07] [#]} (75. Ra8+ $1 $15 Kf7 76. Kh2) 75... Kg8 $1 $17 76. g3 $2 (76. Kg3 $17 {is a better chance.} Kf8 77. Ra8+ Ke7 78. Ra6) 76... h5 $2 ({Better is} 76... Kf8 $19 77. Ra6 Ke8) 77. gxh5 $11 f5 78. g4 f4 79. Ra8+ $1 Kg7 (79... Kf7 $5 80. Ra7+ Kg8 81. Ra8+ Kf7 82. Ra7+ Ke6 $11) 80. Ra7+ $1 Kf6 (80... Kh8 $5 81. Ra8+ Kh7 82. Ra7+ Kh8 83. Ra8+ Kh7 84. Ra7+ Kh8 $11) 81. h6 {[%emt 0:02:10] White threatens h7 and mate.} Rb1 82. Rxa2 ({But not} 82. Ra6+ Kf7 83. Rxa2 Kg6 $17) 82... Kg6 83. Ra6+ Kh7 84. Ra7+ $1 Kxh6 {[%emt 0:00:00] Strongly threatening ...Rb2+.} 85. Ra6+ Kg7 {[%emt 0:00:00] And now ...Rb2+ would win.} 86. Ra5 Kf6 87. Ra6+ $1 Ke5 {[%emt 0:00:00] White must now prevent ...Rb2+.} 88. Ra5+ Ke4 {[%emt 0:00:00] aiming for ...Re1.} 89. Rxg5 f3 {[%emt 0:00:00] ( -> ...f2)} 90. Kg3 $2 (90. Rf5 $11) 90... Rg1+ 91. Kf2 Rg2+ 92. Kf1 Ra2 93. Rf5 Ke3 94. Kg1 Ra1+ 95. Kh2 f2 {[%emt 0:00:00] Weighted Error Value: White=0.18 (very precise) /Black=0.34} 0-1

[Event "93rd German Championship 2022"]
[Site "Magdeburg"]
[Date "2022.08.20"]
[Round "9.9"]
[White "Florstedt, Johannes"]
[Black "Braun, Georg"]
[Result "1-0"]
[ECO "B12"]
[WhiteElo "2368"]
[BlackElo "2398"]
[Annotator "TA"]
[PlyCount "105"]
[EventDate "2022.08.14"]
[EventType "swiss"]
[EventCountry "GER"]
[SourceTitle "playchess.com"]
[Source "ChessBase"]
[SourceQuality "1"]
[TimeControl "40/5400+30:1800+30"]

1. e4 c6 2. d4 d5 3. e5 Bf5 4. h4 Qc7 5. h5 h6 {[%emt 0:00:16] [#]} (5... f6 $5 ) 6. Nc3 $146 {[%emt 0:04:28] B12: Caro-Kann: Advance Variation.} ({Predecessor:} 6. Bd3 Bxd3 7. Qxd3 e6 8. Ne2 c5 9. c3 Nc6 10. O-O Rc8 11. a3 Nge7 12. Nd2 {1-0 (30) Vokhidov,S (2536)-Jobava,B (2588) Chess.com INT 2022}) 6... e6 7. g4 Bh7 8. Be3 {[%emt 0:01:55] White is slightly better.} Nd7 9. f4 Bb4 10. Bd3 Bxd3 11. cxd3 Ne7 12. Nf3 O-O-O 13. Rc1 (13. Kf2 {looks sharper.} Rdg8 14. Qb3 Qa5 15. Rag1) 13... Kb8 14. a3 (14. Ke2 {is interesting.} Rdg8 15. Qb3 Qa5 16. a3) 14... Bxc3+ 15. Rxc3 Rdf8 16. Rc2 Ka8 17. Bd2 Qd8 18. Bb4 Re8 19. Kd2 Nb8 20. Kc1 Na6 21. Bd2 Qb6 22. Kb1 Rc8 23. Be3 Qb5 24. b4 Nb8 25. Bf2 Rc7 26. Bh4 Nc8 27. Rc5 Qa6 28. Qb3 Nd7 29. Rc2 {[%emt 0:00:07] White is more active.} Ncb6 30. f5 Qb5 (30... Rcc8 $142) 31. Ka2 Na4 32. Be1 Rcc8 33. Nh4 Rce8 (33... Nf8 $16 {keeps fighting.}) 34. Rf1 f6 $2 {[%emt 0:01:06] Black cannot hold the game after this.} (34... Rhg8 $16 {is a better defense.} 35. fxe6 fxe6) 35. Ng6 Rhg8 36. Bg3 Nf8 (36... exf5 $142 37. Rxf5 (37. gxf5 fxe5 38. Bxe5 Nab6 $16) 37... a6) 37. Re2 exf5 38. gxf5 Nxg6 (38... Nh7 $142 39. e6 Ng5) 39. hxg6 $18 {[%emt 0:01:07] Threatens to win with Ree1.} fxe5 $2 (39... Nb6 40. Rfe1 Nd7) 40. Rxe5 Ref8 41. Re7 Re8 42. Rfe1 Ref8 43. Rf7 Nb6 44. Ree7 Nc8 45. Rxf8 Rxf8 46. Rxg7 Qb6 47. Be5 Qd8 48. Qc2 {[%emt 0:00:00][%cal Ob4b5] Strongly threatening b5!} Rxf5 49. Rf7 Qg5 50. Rc7 Qd8 {[%emt 0:07:21] [#]} 51. Rxc6 $1 {[%emt 0:04:00][%mdl 512] White mates.} Nb6 {[%emt 0:03:59] [#]} (51... Ne7 52. Rd6) 52. Rxb6 $1 Rxe5 53. Rd6 {[%emt 0:00:23] Weighted Error Value: White=0.19 (very precise) /Black=0.47} 1-0

[Event "93rd German Championship 2022"]
[Site "Magdeburg"]
[Date "2022.08.20"]
[Round "9.10"]
[White "Dahl, Christoph"]
[Black "Colbow, Collin"]
[Result "0-1"]
[ECO "B48"]
[WhiteElo "2355"]
[BlackElo "2325"]
[Annotator "TA"]
[PlyCount "80"]
[EventDate "2022.08.14"]
[EventType "swiss"]
[EventCountry "GER"]
[SourceTitle "playchess.com"]
[Source "ChessBase"]
[SourceQuality "1"]
[TimeControl "40/5400+30:1800+30"]

1. e4 c5 2. Nf3 e6 3. d4 cxd4 4. Nxd4 Nc6 5. Nc3 Qc7 6. Be3 a6 7. Qf3 {[%emt 0:00:58] B48: Sicilian: Taimanov: 5 Nc3 Qc7 6 Be3 a6 without Be2.} Nf6 8. O-O-O Ne5 {[%emt 0:00:24] 8...Rb8 is more advanced technology.} 9. Qg3 {[%emt 0:00:50] Black must now prevent f4. White is slightly better.} b5 {[%emt 0:00:31] Strongly threatening ...b4.} 10. a3 (10. f4 $5 Neg4 11. Bg1 $11) 10... Bb7 11. Bxb5 {[%emt 0:00:53][%cal Oh1e1] And now Rhe1! would win.} Rc8 $1 (11... axb5 12. Ndxb5 Qb8 13. Bb6 $16) (11... Nxe4 12. Nxe4 Bxe4 13. Bxd7+ $1 Qxd7 14. Qxe5 $16) 12. Ba4 {[%emt 0:00:41][%cal Od4e6] [#] Nxe6! is the strong threat.} (12. Bf4 Nh5 13. Nxe6 (13. Bxe5 $2 Nxg3 14. Bxc7 Nxh1 $19) 13... fxe6 14. Bxe5 Nxg3 $17) 12... Bxa3 $1 13. Nde2 $14 Be7 $1 {[%emt 0:01:05] [#]} 14. f3 $146 (14. Qxg7 Rg8 15. Qh6 Qa5 $15) (14. Bd4 $5 Nc6 15. Qxc7 (15. Qxg7 Rg8 $11) 15... Rxc7 16. Bxc6 Rxc6 17. e5 $11) ({Predecessor:} 14. Bd4 Nc6 15. e5 Nh5 16. Qg4 g6 17. Ng3 Ng7 18. Nce4 O-O 19. Nf6+ Bxf6 20. exf6 {1-0 (41) Le,Q (2715)-Munguntuul,B (2422) Douglas 2018}) 14... O-O 15. Bh6 (15. Kb1 $11) 15... Nh5 $15 16. Qh3 Qa5 (16... gxh6 17. Qxh5 Nc4 18. Qxh6 $11 (18. Rxd7 Bg5+ 19. Kb1 Qb6 $11)) 17. g4 $2 {[%emt 0:04:19] [#] Now White is beyond hope.} (17. Kb1 $1 $15 Nf6 18. Qg3) 17... Nf6 $1 $19 (17... gxh6 18. gxh5 Kh8 19. Kb1 $17 (19. f4 $2 Bxe4 20. fxe5 Qxa4 $19)) 18. Bf4 {[%emt 0:01:57] [#]} Nxf3 $1 19. Qxf3 {[%emt 0:01:59] [#]} Nxe4 $1 {[%emt 0:01:36][%mdl 576] Deflection} 20. Nxe4 {[%emt 0:03:53] aiming for Rd4.} Qxa4 21. N2c3 Qa1+ {[%emt 0:07:05][%mdl 1024] Black has strong compensation.} 22. Nb1 $2 (22. Kd2 {is the only way for White.} Qxb2 23. Qd3 Bxe4 24. Nxe4) 22... Rc4 23. Rhe1 Rfc8 {[%emt 0:00:54][%csl Gc8][%cal Rc4c2] Really sharp!} 24. Rd2 Qa4 (24... Rb4 $2 25. Qa3 (25. c3 $2 f5 $19) 25... Qxa3 26. Nxa3 Bxe4 27. Bd6 Bxd6 28. Rxd6 $19) 25. b3 {[%emt 0:01:47] [#]} Rxe4 26. Rxe4 Bxe4 27. bxa4 Bxf3 {[%emt 0:00:04] This bishop pair is nice.} 28. Rxd7 Bc5 29. Rd3 Bxg4 30. Rc3 e5 31. Bxe5 f6 32. Rg3 (32. Bg3 $142) 32... h5 ({Avoid the trap} 32... fxe5 $2 33. Rxg4 Be3+ 34. Kb2 $19) 33. h3 fxe5 {[%emt 0:01:16] Black is clearly winning.} 34. hxg4 {[%emt 0:00:05][%mdl 4096] Endgame KRB-KRN} h4 35. Rh3 Be7 36. Na3 Bxa3+ 37. Rxa3 Rc4 38. g5 Rg4 {[%emt 0:01:57] Threatens to win with ...Rg3.} 39. Re3 Rxg5 40. c4 Kf7 {[%emt 0:00:49] Weighted Error Value: White=0.36/Black=0.08 (flawless)} 0-1

[Event "93rd German Championship 2022"]
[Site "Magdeburg"]
[Date "2022.08.20"]
[Round "9.11"]
[White "Feuerstack, Aljoscha"]
[Black "Keller, Peter"]
[Result "1-0"]
[ECO "E06"]
[WhiteElo "2473"]
[BlackElo "2377"]
[Annotator "TA"]
[PlyCount "85"]
[EventDate "2022.08.14"]
[EventType "swiss"]
[EventCountry "GER"]
[SourceTitle "playchess.com"]
[Source "ChessBase"]
[SourceQuality "1"]
[TimeControl "40/5400+30:1800+30"]

1. d4 Nf6 2. c4 e6 3. g3 d5 4. Bg2 Be7 5. Nf3 O-O 6. O-O dxc4 7. Qc2 a6 8. a4 Bd7 9. Qxc4 Bc6 10. Bg5 Bd5 11. Qc2 Be4 12. Qb3 Bd5 13. Qc2 Be4 14. Qc1 Nc6 {[%emt 0:01:20][%cal Bb8c6,Bc6d4,Bd4b3,Bb3c1][%mdl 32] 14...a5 is becoming the main line.} 15. Rd1 {[%emt 0:03:28] E05: Open Catalan: 5 Nf3 Be7.} Bxf3 16. Bxf3 Nxd4 17. Kg2 {[%emt 0:07:49] Strongly threatening Qc4. The position is equal.} c5 18. e3 Nb3 19. Rxd8 Nxc1 {[%emt 0:00:04] Pair of Knights!} 20. Rxa8 Rxa8 21. Nd2 {[%emt 0:22:15] Prevents Nb3.} Nd3 22. Nc4 {[%emt 0:08:13] [#]} Rb8 $146 ({Predecessor:} 22... h6 23. Bxf6 Bxf6 24. Bxb7 Rb8 25. Bxa6 Nxb2 26. Nxb2 Bxb2 27. Rd1 Ra8 28. Rd6 Bc3 29. Rc6 Kf8 30. Bb5 Bb4 {1-0 (66) Royal,S (2375)-Jeanne,M (2145) Vlissingen 2022}) 23. Rd1 b5 24. Rxd3 ({Only move:} 24. axb5 $11 axb5 25. Na5 Nxb2 26. Rb1) 24... bxc4 $15 25. Rd2 Rb4 26. Bc6 {[%emt 0:00:10] [#] Inhibits Ne4.} (26. a5 $15) 26... Ne4 $1 $17 27. Bxe4 Bxg5 {[%emt 0:00:06][%mdl 4096] Endgame KRB-KRB} 28. Bf3 Rxa4 29. Rc2 Bf6 $1 30. Be2 {[%emt 0:00:12] [#]} c3 $1 31. bxc3 g6 32. Rb2 Bxc3 33. Rb7 a5 34. Rc7 Bb4 (34... Ra2 $142 35. Rxc5 Bb4 36. Rc8+ Kg7) 35. Bb5 Ra1 36. Be8 {[%emt 0:00:40] [#]} (36. Ra7 $17) 36... f5 $2 (36... Kf8 $1 $19 37. Bxf7 c4 38. Bxe6 c3) 37. Bf7+ $11 Kh8 38. Bxe6 a4 39. h4 a3 40. Kf3 Rd1 41. Kf4 {[%emt 0:12:33] Intending Kg5 and mate.} c4 {[%emt 0:05:32] aiming for ...Bd6+.} (41... Rd2 {leads to mate.} 42. Kg5 Ba5 43. Rb7 Rb2 44. Ra7 h5 45. Kxg6) 42. Kg5 $1 {[%emt 0:01:39] Rc8+ would kill now.} ({Not} 42. Rc8+ $2 Kg7 43. Bxc4 Rc1 44. Rg8+ Kf6 $19) 42... Ba5 $2 (42... a2 {is a self mate.} 43. Rc8+) (42... Rd8 $11 43. Bxc4 Re8) 43. Rf7 {[%emt 0:00:52] White used his chance.  Weighted Error Value: White=0.11 (very precise) /Black=0.40} (43. Rb7 $142 Rb1 44. Ra7 Bd8+ 45. Kh6 Bg5+ 46. Kxg5 Rd1 47. Ra8+ Rd8 48. Rxd8+ Kg7 49. Rg8#) 1-0

[Event "93rd German Championship 2022"]
[Site "Magdeburg"]
[Date "2022.08.20"]
[Round "9.12"]
[White "Bracker, Arne"]
[Black "Miller, Eduard"]
[Result "0-1"]
[ECO "B76"]
[WhiteElo "2277"]
[BlackElo "2350"]
[Annotator "TA"]
[PlyCount "54"]
[EventDate "2022.08.14"]
[EventType "swiss"]
[EventCountry "GER"]
[SourceTitle "playchess.com"]
[Source "ChessBase"]
[SourceQuality "1"]
[TimeControl "40/5400+30:1800+30"]

1. e4 c5 2. Nf3 d6 3. d4 cxd4 4. Nxd4 Nf6 5. Nc3 g6 6. Be3 Bg7 7. f3 Nc6 8. Qd2 O-O 9. O-O-O d5 10. exd5 Nxd5 11. Nxc6 bxc6 12. Bd4 Bxd4 13. Qxd4 Qb6 14. Na4 Qc7 {[%emt 0:06:41] B76: Sicilian Dragon: Yugoslav Attack, 9 g4 and 9 0-0-0.} 15. Nc5 e5 16. Qf2 Rb8 {[%emt 0:15:48] White is slightly better.} 17. Bc4 $1 Qb6 {[%emt 0:05:58] [#]} 18. Bb3 $1 {[%emt 0:01:46] [#]} Nf4 $146 ({Predecessor:} 18... Nb4 19. a3 Na6 20. Nd3 Qxf2 21. Nxf2 Nc5 22. Bc4 Na4 23. Nd3 Bf5 24. Bb3 Bxd3 25. Bxa4 {½-½ (44) Kryvoruchko,Y (2717)-Edouard,R (2632) Reykjavik 2015}) 19. Rhe1 Be6 20. g3 Bxb3 21. axb3 ({Don't take} 21. cxb3 Ne6 22. Rxe5 Rfd8 $14) 21... Ne6 22. Rxe5 Qa5 {[%emt 0:04:10] [#] Hoping for ...Qa1+.} 23. Nxe6 $1 Qxe5 24. Nxf8 Rxf8 25. Qxa7 Qe2 26. Qc7 $2 {[%emt 0:10:40][%mdl 8192] [#]} (26. f4 $16) 26... Ra8 $1 $19 27. Rd8+ Kg7 {[%emt 0:00:04] Weighted Error Value: White=0.79/Black=0.06 (flawless)} 0-1

[Event "93rd German Championship 2022"]
[Site "Magdeburg"]
[Date "2022.08.20"]
[Round "9.13"]
[White "Colpe, Malte"]
[Black "Cofmann, Veaceslav"]
[Result "1-0"]
[ECO "A58"]
[WhiteElo "2369"]
[BlackElo "2301"]
[Annotator "TA"]
[PlyCount "115"]
[EventDate "2022.08.14"]
[EventType "swiss"]
[EventCountry "GER"]
[SourceTitle "playchess.com"]
[Source "ChessBase"]
[SourceQuality "1"]
[TimeControl "40/5400+30:1800+30"]

1. d4 Nf6 2. c4 c5 3. d5 b5 4. cxb5 a6 5. bxa6 g6 6. Nc3 {[%emt 0:00:08] A58: Benko/Volga Gambit: Lines with 5 bxa6.} Bg7 7. e4 {[%emt 0:00:11] Hoping for e5.} O-O 8. a7 {[%emt 0:00:33] White is slightly better.} Rxa7 9. Nf3 e6 10. Be2 exd5 11. exd5 d6 12. O-O Na6 13. Nb5 Rd7 14. Bc4 Bb7 15. Qb3 Qa8 16. Rd1 Nc7 17. Nxc7 Rxc7 18. Bf4 Rd7 19. Qd3 Nh5 {[%emt 0:09:02] [#]} 20. Bc1 $146 ({Predecessor:} 20. Bd2 Bxb2 21. Rab1 Bg7 22. Rb6 h6 23. Qb3 Nf6 24. Bf4 Rfd8 25. Bxd6 Ne4 26. Be5 Bxd5 {1-0 (39) Raja,H (2482)-Gschnitzer,A (2388) Caleta 2020}) 20... Re7 21. Bg5 Nf6 22. a4 Bc8 23. Bb5 Bf5 24. Qa3 (24. Qc3 $5 Ne4 25. Qe3 $14) 24... Ra7 25. Bf4 Qb8 26. Rac1 ({White should try} 26. b4 $14) 26... Nh5 $1 $11 27. Bg5 ({Better is} 27. Rc4 $11) 27... Bd7 $1 $15 28. Qd3 Bxb5 (28... Bxb2 $17 29. Bxd7 Bxc1) 29. axb5 $11 Rb7 (29... Ra4 $11) 30. b4 $1 $36 {[%emt 0:01:59][%mdl 2048] White fights for an advantage.} cxb4 31. Nd4 $1 ({Of course not} 31. g4 Nf6 32. Nd4 Nxg4 $15) 31... Qa7 ({Black should play} 31... Bxd4 $14 32. Qxd4 Ng7) 32. Be3 $16 {[%emt 0:04:45][%cal Od4e6] Threatens to win with Ne6! White is more active.} Qa3 {[%emt 0:03:32] [#]} (32... Qa2 $16) 33. Qc4 $1 $18 Qa5 (33... Re8 $142 34. b6 Rxb6) 34. Rb1 (34. Qc6 $18 Rbb8 35. Qxd6) 34... Nf6 (34... Bxd4 $16 35. Qxd4 (35. Rxd4 Rxb5 36. h3 Nf6 $11) 35... Ng7) 35. Rxb4 Nd7 36. Nc6 Qa3 37. Ra4 Qb2 38. Rb4 (38. Ra7 $18 Rxa7 39. Nxa7 (39. Bxa7 f5 $18)) 38... Qf6 $2 (38... Qa3 $1 $11 {and Black has nothing to worry.}) 39. b6 Ra8 40. h4 {[%emt 0:05:24] [#] Strongly threatening Ra4.} Bf8 41. Rdb1 Qf5 42. Qe4 Qxe4 43. Rxe4 Nf6 44. Rd4 Ra6 45. Rd3 Ra8 46. f3 Nd7 47. Rb5 Ne5 (47... Ra1+ {is a better defense.} 48. Kf2 Ra2+ 49. Kf1 Ra1+ 50. Kf2 Ra2+ 51. Kg1 Ra1+ 52. Kh2 Re1) 48. Rdb3 Nc4 {[%emt 0:02:26] Inhibits Na5.} 49. Bf2 {[%emt 0:02:21] R3b4 is the strong threat.} Nd2 (49... Ra1+ $142 50. Rb1 Rxb1+ 51. Rxb1 Bh6) 50. Rb2 Nc4 51. R2b4 Ra1+ 52. Kh2 Ne5 53. Bd4 Ra2 54. Rb2 Rxb2 55. Rxb2 Bg7 56. Ra2 Nd7 (56... Nxf3+ $142 57. gxf3 Bxd4) 57. Ra8+ Bf8 58. Ne7# {Weighted Error Value: White=0.28 (precise) /Black=0.53} 1-0

[Event "93rd German Championship 2022"]
[Site "Magdeburg"]
[Date "2022.08.20"]
[Round "9.14"]
[White "Boder, Jan"]
[Black "Koehler, Christian Friedrich"]
[Result "1-0"]
[ECO "E07"]
[WhiteElo "2315"]
[BlackElo "2285"]
[Annotator "TA"]
[PlyCount "39"]
[EventDate "2022.08.14"]
[EventType "swiss"]
[EventCountry "GER"]
[SourceTitle "playchess.com"]
[Source "ChessBase"]
[SourceQuality "1"]
[TimeControl "40/5400+30:1800+30"]

1. d4 d5 2. c4 e6 3. Nf3 Nf6 4. g3 Be7 5. Bg2 O-O 6. O-O c6 7. Nc3 Nbd7 8. Qd3 b6 9. cxd5 exd5 10. Bf4 {[%emt 0:13:37] E07: Closed Catalan: Main Line (5 Nf3 0-0 6 0-0 Nbd7).} Bb7 11. Rad1 Re8 12. Ne5 {[%emt 0:09:27] White has an edge.} Nf8 13. e4 {[%emt 0:05:13] [#]} dxe4 $146 ({Predecessor:} 13... Bb4 14. exd5 cxd5 15. Bg5 Bxc3 16. bxc3 h6 17. Bxf6 Qxf6 18. Rfe1 Ng6 19. f4 Rad8 20. Nxg6 fxg6 {½-½ (73) Grachev,B (2611)-Charkrubian,T (1906) Tuapse 2021}) 14. Qc4 ({But not} 14. Bxe4 Nxe4 15. Qxe4 Qc8 $15) 14... Ne6 15. Nxe4 {[%emt 0:01:06][%cal Oe5f7] [#] Hoping for Nxf7!} Nd5 16. Bc1 Rc8 17. Nc3 Qd6 18. Rfe1 Bf8 19. Qd3 Rc7 (19... Qc7 $14) 20. Bxd5 {[%emt 0:03:49] Weighted Error Value: White=0.05 (flawless) /Black=0.31} 1-0